 Dungeon Crawl Stone Soup version 0.20.0-8-g6b59dc7 (webtiles) character file.

229 Rrauwl the Vandal (level 6, -2/39 HPs)
             Began as a Halfling Artificer on May 30, 2017.
             Slain by Kiel97's ghost (12 damage)
             ... on level 4 of the Dungeon.
             The game lasted 00:11:14 (4363 turns).

Rrauwl the Vandal (Halfling Artificer)              Turns: 4363, Time: 00:11:15

Health: -2/39      AC:  9    Str: 13 (15) XL:     6   Next: 23%
Magic:  8/8        EV: 12    Int: 10 (13) God:
Gold:   213        SH:  4    Dex: 14 (17) Spells: 5/5 levels left

rFire    . . .     SeeInvis .   a - +3 falchion
rCold    . . .     Gourm    .   g - +0 buckler
rNeg     . . .     Faith    .   j - +0 ring mail
rPois    .         Spirit   .   F - +0 helmet of Inference {Int+4 Dex+2 Stlth-}
rElec    .         Reflect  .   A - +0 cloak
rCorr    .         Harm     .   v - +0 pair of gloves
MR       .....                  o - +0 pair of boots
Stlth    ..........             p - amulet of magic regeneration
Regen    0.2/turn               (no ring)
MPRegen  0.2/turn               (no ring)

@: no status effects
A: hooves 1, mutation resistance 1
a: no special abilities


You were on level 4 of the Dungeon.
You were not hungry.

You visited 1 branch of the dungeon, and saw 4 of its levels.

You collected 213 gold pieces.

Inventory:

Hand Weapons
 a - a +3 falchion (weapon)
 b - a +0 hunting sling
Missiles
 k - 38 stones (quivered)
 z - 24 sling bullets
Armour
 g - a +0 buckler (worn)
 j - a +0 ring mail (worn)
 o - a +0 pair of boots (worn)
 v - a +0 pair of gloves (worn)
 A - a +0 cloak (worn)
 F - the +0 helmet of Inference (worn) {Int+4 Dex+2 Stlth-}
   (You found it on level 4 of the Dungeon)

   It affects your intelligence (+4).
   It affects your dexterity (+2).
   It makes you less stealthy.
Jewellery
 p - an amulet of magic regeneration (around neck)
Wands
 c - a wand of flame (15/48)
 d - a wand of enslavement (15/24)
 e - a wand of random effects (12/48)
 y - a wand of confusion (15/48)
Scrolls
 h - a scroll of identify
 i - a scroll of recharging {unknown}
 m - a scroll of remove curse {unknown}
 s - 2 scrolls of magic mapping {unknown}
 t - a scroll of immolation {unknown}
 E - a scroll of random uselessness {unknown}
 G - a scroll of fear {unknown}
Potions
 n - a potion of degeneration
 u - a potion of curing
 B - a potion of lignification
 H - a potion of magic
Books
 C - a book of Necromancy

   Spells                             Type                      Level
   a - Pain                           Necromancy                   1
   b - Animate Skeleton               Necromancy                   1
   c - Vampiric Draining              Necromancy                   3
   d - Regeneration                   Charms/Necromancy            3
   e - Animate Dead                   Necromancy                   4
   f - Control Undead                 Necromancy                   4
Comestibles
 f - 3 bread rations
 l - 3 meat rations
 w - a royal jelly


   Skills:
 - Level 2.0 Fighting
   Level 3.0(3.6) Short Blades
 + Level 2.3(2.9) Long Blades
 + Level 5.4 Slings
 - Level 2.1 Dodging
 - Level 1.1 Stealth
 - Level 3.0 Evocations


You had 5 spell levels left.
You didn't know any spells.

Dungeon Overview and Level Annotations

Branches:
Dungeon (4/15)
 Temple: D:4-7

Altars:

Annotations:
D:4 Kiel97's ghost, novice DsGl


Innate Abilities, Weirdness & Mutations

You are small and have problems with some larger weapons.
You are somewhat resistant to further mutation.
You have large cloven feet.


Message History

Kiel97's ghost seems to speed up.
This wand has 14 charges left.
Kiel97's ghost says, "I won't need demonic support against you."
Kiel97's ghost hits you!!
Evoke which item? (* to show all) (? for menu, Esc to quit)
Aiming: Random Effects
Press: ? - help, Shift-Dir - straight line, f/p - Kiel97's ghost
Aim: Kiel97's ghost (lightly damaged, fast) Nothing appears to happen.
This wand has 13 charges left.
Kiel97's ghost hits you!
* * * LOW HITPOINT WARNING * * *
Kiel97's ghost hits you.
* * * LOW HITPOINT WARNING * * *
Evoke which item? (* to show all) (? for menu, Esc to quit)
Aiming: Random Effects
Press: ? - help, Shift-Dir - straight line, f/p - Kiel97's ghost
Aim: Kiel97's ghost (fast)
The puff of frost hits Kiel97's ghost.
Kiel97's ghost is lightly damaged.
This wand has 12 charges left.
Kiel97's ghost hits you!
You die...

###
##.#
#..#
##.##
#.@#
#W##
##.#
#.##
##.#
#.##
###.#
##..##
##...#


You could see Kiel97's ghost.

Vanquished Creatures
  A howler monkey (D:4)
  A worker ant (D:4)
  A hound skeleton (D:4)
  7 adders
  2 worms
  5 dart slugs
  3 leopard geckos
  An orc (D:3)
  6 bats
  5 giant cockroaches
  9 goblins
  8 hobgoblins
  3 jackals (D:2)
  8 kobolds
  3 quokkas
  2 frilled lizards
  11 rats
76 creatures vanquished.

Notes
Turn   | Place    | Note
-------+----------+-------------------------------------------
     0 | D:1      | Rrauwl the Halfling Artificer began the quest for the Orb.
     0 | D:1      | Reached XP level 1. HP: 12/12 MP: 3/3
    19 | D:1      | Reached skill level 1 in Fighting
   306 | D:1      | Reached XP level 2. HP: 5/18 MP: 4/4
  1000 | D:1      | Reached XP level 3. HP: 18/24 MP: 5/5
  1648 | D:2      | Reached skill level 1 in Slings
  1648 | D:2      | Reached XP level 4. HP: 19/29 MP: 6/6
  1843 | D:2      | Reached skill level 2 in Slings
  2402 | D:3      | Reached skill level 3 in Slings
  2753 | D:3      | Reached XP level 5. HP: 34/34 MP: 7/7
  2791 | D:3      | Reached skill level 4 in Slings
  3501 | D:4      | Reached skill level 1 in Long Blades
  3599 | D:4      | Got a crude helmet
  3605 | D:4      | Identified the +0 helmet of Inference {Int+4 Dex+2 Stlth-} (You found it on level 4 of the Dungeon)
  3715 | D:4      | Reached skill level 5 in Slings
  3715 | D:4      | Reached XP level 6. HP: 21/39 MP: 8/8
  4288 | D:4      | Noticed Kiel97's ghost (novice DsGl)
  4299 | D:4      | Gained mutation: You have large cloven feet. [potion of mutation]
  4363 | D:4      | Slain by Kiel97's ghost

Skill      XL: |  1  2  3  4  5 |
---------------+----------------+-----
Fighting       | 1 2 |  2.0
Short Blades   | 2 3 |  3.0
Slings         | 1 3 5 |  5.4
Long Blades    | 2 |  2.3
Dodging        | |  2.1
Stealth        | |  1.1
Evocations     | |  3.0

Action                   |  1- 3 |  4- 6 || total
-------------------------+-------+-------++-------
Melee: Short sword       |   142 |    90 ||   232
       Falchion          |       |    32 ||    32
 Fire: Hunting sling     |       |   102 ||   102
Evoke: Wand              |       |     5 ||     5
  Use: Potion            |       |     8 ||     8
       Scroll            |       |     2 ||     2
 Stab: Distracted        |     1 |       ||     1
  Eat: Chunk             |     2 |     6 ||     8
       Fruit             |       |     3 ||     3
Armor: Leather armour    |     4 |       ||     4
       Ring mail         |    23 |    39 ||    62
       Skin              |       |     2 ||     2
Dodge: Dodged            |    68 |    84 ||   152
Block: Buckler           |    21 |    22 ||    43
       Rpst.: Falchion   |       |     3 ||     3
